[Event "Tata Steel-A 80th"]
[Site "Wijk aan Zee"]
[Date "2018.01.26"]
[Round "11"]
[White "So, Wesley"]
[Black "Jones, Gawain C B"]
[Result "1-0"]
[ECO "E61"]
[WhiteElo "2792"]
[BlackElo "2640"]
[Annotator "Fernandez,D"]
[PlyCount "123"]
[EventDate "2018.01.13"]
[EventType "tourn"]
[EventRounds "13"]
[EventCountry "NED"]
[EventCategory "20"]
[SourceTitle "CBM 183"]
[Source "ChessBase"]
[SourceDate "2018.03.14"]
[SourceVersion "1"]
[SourceVersionDate "2018.03.14"]
[SourceQuality "1"]
[TimeControl "40/6000+30:20/3000+30:900+30"]

1. d4 Nf6 2. c4 g6 3. g3 Bg7 4. Bg2 O-O 5. Nc3 c5 {[%emt 0:00:31] Expressing a
willingness to play...a Benoni structure! Again Gawain Jones brings something
new to the top table. Obviously ...c6 or ...d6 are completely normal.} 6. dxc5 Qa5 7. Qa4 (7. Bd2 Qxc5 8.
Rc1 d6 9. b3 Nc6 10. Nh3 Bxh3 11. Bxh3 d5 $132 {Greet,A-Howell, D England 2017.
This was a game featuring another English star on the Black side of this line.}
) 7... Qxc5 8. Be3 Qc7 (8...
Qh5 9. h3 $1 $14 {is strangely unpleasant.}) 9. c5 {[%emt 0:04:03] This is
very maximalist play, trying to rule out both ... d6 and ...b6 at once.} Nc6 $6
{[%emt 0:09:53] Black prepares a gambit, but this may not have been best.} (
9... Na6 $5 {leads to some lines which just have to be mentioned!} 10. Rc1 $6 (
10. Qb5 Ng4 $132) (10. Nb5 Qe5 11. Bd4 Qf5 12. Rc1 d5 $132) 10... Nxc5 $1 {
Ignoring the idea White had set up against this. The move works due to the
filthy detail} 11. Nb5 Qc6 $3 $15 {and suddenly Black is the one playing for
an edge.}) 10. Rd1 b6 {[%emt 0:14:56] Practically not a bad
move, as everything else is just nice for White.} (10... Qb8 11. Nf3 b6 {
is too slow: now White almost wins on the spot with} 12. Bf4 $16) 11. cxb6 Qb8 12. bxa7 Qxb2 13. Nb5 $1 {[%emt 0:00:06] Most accurate, but unfortunately for Black
also quite easy to find.} Bb7 14. Qb3 Qxb3 (14... Qe5 $5 15. Nf3 Qh5 {is actually not trivial for White
to play - the best move is apparently} 16. Nh4 $1 $16) 15. axb3 Nxa7 16. Bxb7 Rab8 {[%emt 0:00:30]
Bringing about an endgame where Black can put up some very inspired resistance,
but ultimately should lose against good play.} 17. Nxa7 Rxb7 18. f3 Rxb3 (18... e6 19. Nh3
Nd5 20. Bf2 Nc3 21. Rd2 d5 {is also maybe interesting, with the idea of ...d4
and ...e5 to play against White's minor pieces.}) 19. Bf2 Ra8 20. Nh3 Rb7 21. O-O Rbxa7 22. Bxa7 Rxa7 23. Ra1 Rxa1 24. Rxa1 $16 {[%emt 0:
00:02] It is now just a technical question. While the fortress possibilities
are not small, and more than likely with perfect play the game is actually a
draw, Black is always going to lose this in a practical game unless he (for
instance) manages to exchange knights.} d5 25. Ra7 Bf8 26. Kg2 Ne8 27.
Ra8 Nd6 28. Ng5 h6 29. Nh7 $5 {[%emt 0:00:05] An interesting call, and not one I
necessarily agree with.} Kxh7 30. Rxf8 Kg7 31. Rd8 Nc4 32. g4 e6 33. h4 Kf6 (33...
Ne3+ $5 {deserved consideration. I think if Black can get ...g5 for free then
he draws, but White's tempi don't work out either e.g.} 34. Kf2 Nd1+ 35. Kg3 (
35. Ke1 Ne3 {and since ...Ng2 is threatened White will have to go back.}) 35...
g5 36. e4 Nc3 $1 37. Rc8 Ne2+ $1 {It is rather useful that this is check.} 38.
Kf2 Nf4 $11 {This position has got to be a fortress.}) 34. Rh8 Kg7 35. Rc8 Nd6 36. Rc6 Nb5 37. e3 g5 38. h5 {[%emt 0:00:23] So Black got ...g5 in but his knight has lost its
bearings a little bit.} Na3 39. Kg3 Nc4 $2 {
[%emt 0:02:16] Losing a pawn, and possibly the decisive mistake.} (39... Nb5
40. Kf2 Kf6 {and even though it feels uncomfortable Black may be able to get
back on track soon with ...Ke7 and ...Nd6, since taking the h-pawn gets
White's rook trapped.}) 40. e4 Ne5 41. exd5 exd5 42. Rd6 Nd3 43. Rxd5 Nf4 44. Rf5 Ne6 {[%emt 0:01:32] Initially I thought there were still chances for this to
be a fortress but then I realised Black has too many targets. Maybe with the
h-pawns off the board?} 45. Kf2 Nd4 46. Rd5 Ne6 47. Ke3 Nf4 48. Ra5 Ng2+ 49. Ke4 $18 Kf6 50. Rb5 Kg7 51. Ke5 Ne1 52. Rb3 Ng2 53. Kd6 Nf4 54. Rb5 Kf8 55. Rf5 Ng2 56. Kd7 Ne3 57. Rc5 f5 58. Ke6 fxg4 59. Kf6 Kg8 60. Kg6 Kf8 61. Re5 Nc4 62. Rf5+ 1-0

[Event "Tata Steel-A 80th"]
[Site "Wijk aan Zee"]
[Date "2018.01.27"]
[Round "12"]
[White "Anand, Viswanathan"]
[Black "So, Wesley"]
[Result "1/2-1/2"]
[ECO "C83"]
[WhiteElo "2767"]
[BlackElo "2792"]
[Annotator "Fernandez,D"]
[PlyCount "64"]
[EventDate "2018.01.13"]
[EventType "tourn"]
[EventRounds "13"]
[EventCountry "NED"]
[EventCategory "20"]
[SourceTitle "CBM 183"]
[Source "ChessBase"]
[SourceDate "2018.03.14"]
[SourceVersion "1"]
[SourceVersionDate "2018.03.14"]
[SourceQuality "1"]
[TimeControl "40/6000+30:20/3000+30:900+30"]

1. e4 e5 2. Nf3 Nc6 3. Bb5 a6 4. Ba4 Nf6 5. O-O Nxe4 {[%emt 0:01:38] Perhaps
forgetting, or not knowing, that the Open Ruy Lopez was basically co-invented
by Anand, in New York 1995 (it existed before, but his role was similar to
that of Kramnik with the Berlin Wall!)} 6. d4 b5 7. Bb3 d5 8. dxe5 Be6 9. Nbd2 Be7 ({A little
history lesson is in order, beginnning with the move} 9... Nc5 {:} 10. c3 d4 (
10... Be7 {exists too, but after} 11. Bc2 {I feel White must have a more
pleasant position}) 11. Ng5 $5 {One of the most shocking moves in 'modern'
opening theory to an impressionable 9-year-old me, learning chess in 2004!}
dxc3 $6 (11... Qxg5 {was obviously tried too, and with best play Black is
committing to a piece sacrifice.} 12. Qf3 O-O-O 13. Bxe6+ fxe6 14. Qxc6 Qxe5
15. b4 Qd5 $1 $44 {Grischuk,A-Anand,V Wijk aan Zee 2005}) 12. Nxe6 fxe6 13.
bxc3 Qd3 14. Nf3 (14. Bc2 $5 Qxc3 15. Nb3 $13 {was ultimately decided upon as
White's best, and Black is in quite a bit of trouble here.}) 14... O-O-O 15.
Qe1 Nxb3 16. axb3 Kb7 17. Be3 Be7 18. Bg5 (18. Qc1 $5 $40) 18... h6 (18... Rhe8
$11) 19. Bxe7 Nxe7 20. Nd4 Rxd4 21. cxd4 Qxb3 22. Qe3 Qxe3 23. fxe3 Nd5 24. Kf2
Kb6 $44 {Kasparov,G-Anand,V New York 1995, Black had enough compensation to
draw.}) 10. c3 O-O 11. Bc2 f5 (11... Bf5 $5) 12. Nb3 (12. exf6 Nxf6 13.
Nb3 Bg4 14. Qd3 $32 {looks hard to play for Black, but maybe it is just me. A
useful game to look at: Anton Guijarro,D-Vidit,S Martuni 2016}) 12... Qd7 13. Nfd4 Nxd4 14. Nxd4 c5 15. Nxe6 Qxe6 16. f3 Ng5 17. a4 (17.
Bxg5 Bxg5 18. f4 $14 {might have been worth playing, not least to remind
Wesley of his loss to Carlsen from this event!}) 17... Rad8 (
17... b4 {makes the game quite strategically messy, but probably still better
for White.}) 18. axb5 axb5 19. Bxg5 (19. Ra7 Rd7 20. Rxd7 Qxd7 21. Bxg5 Bxg5 22. f4 Bd8 23. b3 $14 {
is another take, with c4 to come soon}) 19... Bxg5 20. f4 {
[%emt 0:00:13] So we get here anyway! However, here Black has good play
through the centre.} Be7 21. Kh1 (21. b4 $5 {
was vaguely Carlsenesque, but objectively Black should have no problem after
accepting:} cxb4 22. cxb4 Bxb4 23. Qd3 $44) 21... d4 $1 {[%emt 0:00:26] It is
not only White who can play with colour complexes.} 22. cxd4 c4 {[%emt 0:00:04] Threatening ...Bc5, and Ra5 is met with ...Qb6.} 23. b3 (23. Qd2 $5 Qd5 (23... Bc5 24. Qa5 $16) 24. Ra5 {would have
tested Black more, though he still has compensation.}) 23... Bc5 24. bxc4 Rxd4 25. Qf3 bxc4 26. Rfd1 g6 27. Rxd4 Bxd4 28. Rd1 $146 (28. Ra8
Rxa8 29. Qxa8+ Kg7 30. Qb7+ Qf7 31. Qxf7+ {1/2-1/2 (31) Adams,M (2761)-Giri,A 
(2769) Shenzhen 2017}) 28... Rd8 29. Qb7 Bb6
$11 {[%emt 0:02:54] Neutralised by a whisker!} 30. Rxd8+ Bxd8 31. Ba4 Qb6 32. Qxb6 Bxb6 1/2-1/2

[Event "Tata Steel-A 80th"]
[Site "Wijk aan Zee"]
[Date "2018.01.27"]
[Round "12"]
[White "Carlsen, Magnus"]
[Black "Matlakov, Maxim"]
[Result "1-0"]
[ECO "B48"]
[WhiteElo "2834"]
[BlackElo "2718"]
[Annotator "Fernandez,D"]
[PlyCount "113"]
[EventDate "2018.01.13"]
[EventType "tourn"]
[EventRounds "13"]
[EventCountry "NED"]
[EventCategory "20"]
[SourceTitle "CBM 183"]
[Source "ChessBase"]
[SourceDate "2018.03.14"]
[SourceVersion "1"]
[SourceVersionDate "2018.03.14"]
[SourceQuality "1"]
[TimeControl "40/6000+30:20/3000+30:900+30"]

1. e4 c5 2. Nf3 e6 3. d4 cxd4 4. Nxd4 Nc6 5. Nc3 Qc7 {[%emt 0:00:31] Another
pull-no-punches opening choice from Matlakov, who in his Black games against
the other 2 world champions in this event (yep, quite a tough draw!) chose
innovative systems in the Italian and Ruy Lopez involving knights moving to
the edge. Maybe this is something of a habit for him, as in this game the
c6-knight soon makes its way to a5...} 6. Be3 a6 (6... Nf6 7. f4 Bb4 $5 {is an interesting attempt to make do without ...
a6 for at least a few moves:} 8. Ndb5 Qa5 9. e5 Nd5 10. Bd2 Nxc3 11. Bxc3 O-O
12. Qd2 a6 (12... f6 $5 $132) 13. Bxb4 Qxb4 14. Qxb4 Nxb4 15. Nd4 $132 {
1/2-1/2 (15) Motylev,A (2656)-Svidler,P (2751) Tallinn 2016}) 7. Qd2 Nf6 8. f4 (8. O-O-O Be7 (8... Bb4 9.
f3 {is the absolute main line:} Ne5 (9... Na5 {is also a thing here, but White
must be slightly better in the ending after a3}) 10. Nb3 b5 (10... d6 11. Bd4
$16 {was the unfortunate opening outcome (for Black) of one game from the 2016
British Championships}) 11. Qf2 $5 {Main is 11.Qe1 but this is an interesting
new idea.} Be7 $6 12. g4 d6 13. Rg1 Rb8 14. g5 $14 {Dominguez Perez,L-Vachier
Lagrave,M Berlin 2015}) 9. f3 h5 10. Nxc6 bxc6 11. Bf4 e5 12. Bg5 a5 13. Bc4 a4
14. a3 d6 15. f4 O-O 16. Rhf1 Bg4 17. Rde1 Rfd8 18. Qe3 Rab8 19. fxe5 dxe5 20.
Bxf6 Bxf6 21. h3 Rd4 22. hxg4 Rxc4 23. gxh5 Be7 24. Rf3 Rd4 25. Nd1 Qb6 26. h6
Qd8 27. Rg3 g6 28. Rf1 Rb7 29. Nf2 Bh4 30. Rg4 Bxf2 31. Qxf2 Rbd7 32. Qf3 Kh7
33. Kb1 Qe7 34. Rg3 Qh4 35. Rg4 Qe7 36. Rg3 Qd6 37. Rc1 Rd1 {Grischuk,A (2783)
-Cori Tello,J (2641) Tbilisi 2017 1/2-1/2}) 8... Bb4 9. Bd3 Na5 (9... Ne7 $5 {tries to play ...d5 under
favourable circumstances, but just ends up looking slow after the same move}
10. a3 $14) 10. a3 Bxc3 11. Qxc3 Qxc3+ 12. bxc3 d5 13.
exd5 (13. e5 Ne4 14. Nb3 Nc4 $11 {led to an interesting game
with a sidelined White knight:} 15. Bxc4 dxc4 16. Na5 Bd7 17. Bd4 Rc8 18. Nxb7
Bc6 19. Na5 Bd5 $44 {Volokitin,A-Giri,A Germany 2014}) 13... exd5 14. Nb3 Nc4 15. Bd4 Ne4 16. Nc5 Nxc5 17. Bxc5 Bd7 {[%emt 0:00:25] The position is similar in essence to
Mamedyarov-Carlsen from yesterday - the only difference being that Carlsen
held nearly effortlessly there, but Matlakov is not able to do the same today.}
18. O-O-O O-O-O 19. Bxc4 dxc4 20. Bb6 Rde8 21. Rd4 Re6 {[%emt 0:07:55] Dropping a healthy pawn by force.} (21...
Bb5 $5 22. Rhd1 Kb8 {looks a bit passive, but avoids going in for
hard-to-calculate forced lines. Black's idea is ...Rc8-c6.}) 22. Rxc4+ Rc6 (22... Kb8 23. Rd1 $5 Bb5 24. Rb4 Rxb6 25.
c4 $14 {is unlikely to be much more pleasant, since Black now ends up with
doubled pawns himself.}) 23. Rxc6+ Bxc6 24.
Rd1 Bxg2 25. Rg1 Be4 26. Rxg7 Bg6 27. a4 (27. f5 {immediately was also possible, and Black's drawing chances
may not be as good as they immediately seem.}) 27... Rf8 28.
Kb2 Kd7 (28... h5 {could also have been
played, since it is not clear, especially given the further course of the game,
whether having the king out helps or hinders Black's drawing efforts.}) 29. f5 Bxf5 30. Bc5 Rc8 31. Rxf7+ Ke6 32. Re7+ Kf6 33. Bb4 $14 {[%emt 0:00:53] Now White has a healthy
nibble, and he coaxes ...a5.} a5 (33... b5 34. axb5 axb5 35.
Rb7 Re8 36. Rxb5 Re2 $14 {was a marginally better version of the same thing.})
34. Ba3 Rc4 35. Rxb7 Rxa4 36. Ra7 Re4 37. Rxa5 Re2 38. Bd6 Bxc2 39. c4 $16 {[%emt 0:00:55] Eventually Carlsen had to be able to swap one
of his doubled pawns for another pawn. The position is now completely
thankless - the best Black can hope for is not even a straight draw, but to
have to defend rook and bishop against rook!} Ke6 40. Ra6 Bf5+ 41. Kc3 Be4 42. Kd4 Kf5 43. Ra5+ Kg4 44. c5 Bf3 45. Ra7 h6 46. Rh7 Re4+ 47. Kd3 Re6 48. Kc4 Bc6 49. Rc7 Bh1 50. Kb5 h5 (50... Re1 $16 {keeps the game going a bit
better.}) 51. Rg7+ Kh4 $6 {[%emt 0:01:02] Walking into all
kinds of mating motifs.} (51... Kf5 52. Rg1 Bf3 53. Rf1 {might have been a
line Black was afraid of, but he survives by defending with the rook:} Re3 $16)
52. Rg1 Ba8 53. Kb6 Re2 54. Kc7 Bd5 55. Rg3 Bh1 (55... Rxh2 56. Rd3 {is a nice small tactic.}) 56.
Rc3 Kg4 57. c6 {[%emt 0:01:07] So White has
managed everything he needs to and he will win the bishop without the need for
a h-pawn swap. In a game Sowray-Harvey, Bedford 2013, the weaker side
continued even after the win of a similar piece, but ultimately even after
some inspired resistance was unable to save half a point.} 1-0

[Event "Tata Steel-A 80th"]
[Site "Wijk aan Zee"]
[Date "2018.01.27"]
[Round "12"]
[White "Giri, Anish"]
[Black "Adhiban, Baskaran"]
[Result "1-0"]
[ECO "A40"]
[WhiteElo "2752"]
[BlackElo "2655"]
[Annotator "Fernandez,D"]
[PlyCount "83"]
[EventDate "2018.01.13"]
[EventType "tourn"]
[EventRounds "13"]
[EventCountry "NED"]
[EventCategory "20"]
[SourceTitle "CBM 183"]
[Source "ChessBase"]
[SourceDate "2018.03.14"]
[SourceVersion "1"]
[SourceVersionDate "2018.03.14"]
[SourceQuality "1"]
[TimeControl "40/6000+30:20/3000+30:900+30"]

1. c4 g6 2. d4 Bg7 3. Nf3 c5 {[%emt 0:08:24] A sequence of moves known
to English chess fans as the 'Sniper'...} 4. d5 d6 (4... b5 $5 {probably transposes to a Benko Gambit:} 5. cxb5 a6 6. e4 (
6. bxa6 Nf6 7. Nc3 Bxa6 8. e4 Bxf1 9. Kxf1 d6 {is a main line}) 6... axb5 7. e5
b4 $13 {This position is sufficiently modern for the most exacting taste, and
I think Black is probably fine if he continues with ...Nh6 and/or ...Ba6,
developing as many pieces to the side as possible.}) 5. e4 e6 6. Bd3 ({Pertinent:} 6. Nc3 exd5 7. cxd5 a6
8. h3 b5 9. Bd3 Nd7 10. O-O Ngf6 11. a3 O-O 12. Bf4 Qb6 13. Qd2 Re8 14. b4 Bb7
15. Rab1 Rac8 16. Rfc1 Nh5 17. Bh6 Bh8 18. Be3 Qd8 19. Bg5 Qb6 20. Be3 Qd8 21.
Bg5 Qb6 22. Be3 {1/2-1/2 (22) Matlakov,M (2714)-Zvjaginsev,V (2661) Sochi 2017}
) 6... exd5 7. cxd5 ({I was always taught
that if White is able to recapture with the e-pawn, i.e.} 7. exd5 $14 {then
the Benoni construction has basically failed and White is better.}) 7... Bg4 ({A good question to ask is why not} 7... Nf6 {Maybe} 8. h3 (8.
Nc3 O-O 9. O-O ({Or} 9. h3 b5) 9... Bg4 {is main line theory.}) 8... O-O 9. O-O
{might have been something Black didn't like - the move order certainly raises
unusual questions. Play could continue} b5 $6 (9... c4 10. Bc2 b5 $132 {
is better}) 10. Bxb5 Nxe4 11. Re1 Nf6 12. Nc3 $14 {when the position resembles
the line which refutes 1.d4 b5.}) 8. Nbd2 $1 $14 Nf6 9. O-O O-O 10. h3 Bxf3 11. Nxf3 c4 12. Bxc4 Nxe4 13. Re1 Re8 14. Qc2 Nf6 15. Rxe8+ Nxe8 16. Bg5 $146 {[%emt 0:11:28] It's just a bishop pair,
and Black lacks the usual compensations that the Benoni offers.} (16. Qb3 Qc7
17. Be3 Nd7 18. Rc1 Nc5 19. Qa3 Qd8 20. b4 Nd7 21. Qd3 Rc8 22. Bb3 Rxc1+ 23.
Bxc1 Qc7 24. Bd2 a6 25. a4 Ne5 26. Nxe5 Bxe5 27. g4 Ng7 28. Kg2 h5 29. f4 Bf6
30. a5 hxg4 31. hxg4 Qd7 32. Bd1 Ne8 33. Be2 Nc7 34. Qc4 Nb5 35. Be3 Qe8 36.
Kf3 Nc3 37. g5 {1/2-1/2 (37) Khismatullin,D (2601)-Andreikin,D (2625) Voronezh
2009}) 16... Nf6 17. Nd4 (17. Re1 {was more
natural for me.}) 17... Qb6 {[%emt 0:17:10] Probably relying on ...Nxe3, but
White's next makes this irrelevant.} ({After the natural} 17... Nbd7 18. Ne6 $5
{could be the point, but the story doesn't necessarily end here:} fxe6 19. dxe6
d5 20. Bxd5 Nf8 21. Bxb7 Rb8 22. Bc6 $44) 18. Be3 Ng4 $6 {
[%emt 0:02:40] Not a great move, but the position wasn't fun anyway.} 19. Qe4 Nf6 (19... Nxe3 20. Qe8+ Bf8 21. fxe3 {
leaves Black completely helpless against Rf1 and Ne6 ideas, despite the
initially optimistic prognosis of the machine. For instance} Qc7 22. Ne6 fxe6
23. dxe6 Qe7 24. Qc8 $18 {with Rf1-f7 to come.}) 20. Qe7 {[%emt 0:01:25] The
position, and this move in particular, give me flashbacks to the game
Hawkins-Fernandez, 4NCL 2016, when I tried some kind of KID/Benko mashup.} Nbd7 21. Nb5 Bf8 22. Bxb6 Bxe7 23. Bxa7 $16 Ne5 24. b3 Nxc4 25. bxc4 Rc8 26. Re1 Bf8 27. Bd4 Nd7 28. Rc1 Ra8 29. Rc2 Ra6 30. Re2 Ra4 ({If Black has to defend passively with} 
30... Ra8 {then he is not long for this world, but there might not have been
anything objectively better.}) 31. Re8 $18 {[%emt 0:00:58] A well-calculated
way to clinch the game in tactics rather than technique.} Rxc4 32. Rd8 Ne5 (32... Rb4 33. a4 $1 {doesn't
change much.}) 33. f4 Nd3 34. Bf6 Re4 35. Nxd6 Re1+ 36. Kh2 Nf2 {[%emt 0:00:02] Directed against White's most
obvious idea of Nc8-e7, but there are others.} 37. Bg5 h5 (37... Kg7 38. Ne8+ Kg8 39. Nf6+ Kg7 40. d6 $18) 38. Bh6 h4 39. g4 Kh7 40. Rxf8 Nd3 {[%emt 0:01:06] This move looks like it
threatens perpetual check, but in fact it doesn't even do that. Black is
beyond saving, of course.} 41. Rxf7+ Kh8 42.
Rf8+ {[%emt 0:03:34] Probably the idea was Nf7 next and then the white king
trivially dodges the checks using f3.} 1-0